 Dungeon Crawl Stone Soup version 0.28-a0-1520-gc3277d3759 (webtiles) character file.

Game seed: 9101853782862058734

563 kae the Chopper (level 7, 0/61 HPs)
             Began as a Hill Orc Fighter on Jan 17, 2022.
             Slain by a hornet zombie (3 damage)
             ... on level 5 of the Dungeon.
             The game lasted 00:03:22 (5371 turns).

kae the Chopper (Hill Orc Fighter)                  Turns: 5371, Time: 00:03:22

Health: 0/61       AC:  7    Str: 21    XL:     7   Next: 32%
Magic:  7/7        EV:  9    Int:  8    God:
Gold:   180        SH:  4    Dex: 10    Spells: 6/6 levels left

rFire   . . .      SeeInvis .   a - +0 war axe (freeze)
rCold   + . .      Faith    .   c - +0 buckler
rNeg    . . .      Spirit   .   b - +0 scale mail
rPois   .          Reflect  .   (no helmet)
rElec   .          Harm     .   (no cloak)
rCorr   .          Rampage  .   (no gloves)
Will    .....                   (no boots)
Stlth   ..........              (no amulet)
HPRegen 0.20/turn               e - ring of protection from cold
MPRegen 0.10/turn               (no ring)

@: no status effects
A: no striking features
a: no special abilities


You were on level 5 of the Dungeon.
You visited 1 branch of the dungeon, and saw 5 of its levels.

You collected 180 gold pieces.

Inventory:

Hand Weapons
 a - a +0 war axe of freezing (weapon)
Armour
 b - a +0 scale mail (worn)
 c - a +0 buckler (worn)
Jewellery
 e - a ring of protection from cold (left hand)
 f - a ring of fire
Scrolls
 g - 2 scrolls of identify
 i - a scroll of teleportation
Potions
 d - a potion of might
 h - a potion of invisibility
 k - a potion of curing


   Skills:
 + Level 5.6 Fighting
 * Level 7.3 Axes
 + Level 5.1 Armour
 - Level 4.0 Shields


You had 6 spell levels left.
You didn't know any spells.
Your spell library contained the following spells:

 Spells                   Type           Power      Damage    Failure   Level
 Magic Dart               Conj           0%         1d3       82%         1
 Searing Ray              Conj           0%         2d4       91%         2
 Fulminant Prism          Conj/Hex       0%         3d6       100%        4


Dungeon Overview and Level Annotations

Branches:
Dungeon (5/15)
 Temple: D:4-7

Altars:
Dithmenos
Vehumet


Message History

The hornet zombie hits you. The hornet zombie hits you!
You closely miss the hornet zombie.
The hornet zombie is moderately damaged.
The hornet zombie closely misses you.
You hit the hornet zombie.
The hornet zombie is heavily damaged.
The hornet zombie barely misses you. The hornet zombie hits you.
* * * LOW HITPOINT WARNING * * *
You hit the hornet zombie.
The hornet zombie is heavily damaged.
The hornet zombie hits you!
* * * LOW HITPOINT WARNING * * *
You closely miss the hornet zombie.
The hornet zombie is heavily damaged.
The hornet zombie hits you but does no damage.
You block the hornet zombie's attack.
You feel much better.
The hornet zombie completely misses you.
Okay, then.
You barely miss the hornet zombie.
The hornet zombie is heavily damaged.
The hornet zombie hits you but does no damage.
The hornet zombie hits you.
You hit the hornet zombie but do no damage.
The hornet zombie is heavily damaged.
The hornet zombie hits you.
* * * LOW HITPOINT WARNING * * *
You slash the hornet zombie!
The hornet zombie is severely damaged.
The hornet zombie hits you!
* * * LOW HITPOINT WARNING * * *
The hornet zombie hits you.
* * * LOW HITPOINT WARNING * * *
You slash the hornet zombie!
The hornet zombie is almost destroyed.
The hornet zombie hits you but does no damage.
You hit the hornet zombie but do no damage.
The hornet zombie is almost destroyed.
The hornet zombie hits you.
You die...

...............
..................
...................
..................>.
....).....<..........
......................
............)..Z......
#...........#.@...☼...
#................§§☼..
#...........?##...°...
#...........##...§§..
#...........##.○...#
#...........# ######
#...........#
##.<........#
##.........#


You could see a hornet zombie.

Vanquished Creatures
  Grinder (D:3)
  A necrophage (D:4)
  A jelly (D:5)
  An orc wizard (D:4)
  6 gnolls
  A howler monkey skeleton (D:4)
  7 adders
  2 worms
  2 dart slugs
  3 orcs
  11 endoplasms
  4 giant cockroaches
  5 goblins
  7 hobgoblins
  3 jackals (D:4)
  8 quokkas
  3 ball pythons
  3 bats
  4 frilled lizards
  7 kobolds
  5 rats
85 creatures vanquished.

Vanquished Creatures (others)
  22 plants
22 creatures vanquished.

Grand Total: 107 creatures vanquished

Notes
Turn   | Place    | Note
-------+----------+-------------------------------------------
     0 | D:1      | kae the Hill Orc Fighter began the quest for the Orb.
     0 | D:1      | Reached XP level 1. HP: 19/19 MP: 1/1
    67 | D:1      | Reached skill level 3 in Axes
   157 | D:1      | Reached XP level 2. HP: 15/27 MP: 2/2
   564 | D:1      | Reached XP level 3. HP: 22/33 MP: 3/3
  1595 | D:2      | Reached skill level 4 in Axes
  1733 | D:2      | Reached XP level 4. HP: 39/40 MP: 4/4
  2154 | D:2      | HP: 2/40 [poisoned by a gnoll]
  2614 | D:2      | Reached XP level 5. HP: 9/47 MP: 5/5
  3368 | D:3      | Reached skill level 5 in Axes
  3539 | D:3      | Noticed Grinder
  3560 | D:3      | Killed Grinder
  3561 | D:3      | Reached skill level 5 in Fighting
  3561 | D:3      | Reached skill level 6 in Axes
  3561 | D:3      | Reached XP level 6. HP: 56/56 MP: 6/6
  4976 | D:4      | Noticed a necrophage
  4988 | D:4      | Killed a necrophage
  4989 | D:4      | Reached skill level 7 in Axes
  4989 | D:4      | Reached skill level 5 in Armour
  4989 | D:4      | Reached XP level 7. HP: 45/61 MP: 7/7
  5213 | D:4      | Found a shadowy altar of Dithmenos.
  5336 | D:5      | Entered Level 5 of the Dungeon
  5344 | D:5      | Found a radiant altar of Vehumet.
  5369 | D:5      | HP: 3/61 [hornet zombie (6)]
  5371 | D:5      | Slain by a hornet zombie

Illustrated notes

Levels and vault maps discovered:
D:1:      heliophobic_arrival_dark_side_of_the_moon, layout_basic,
          amethyst_killhole
D:2:      layout_loops_ring, minmay_misc_feat_diagonals, serial_bayou_ford_a,
          eino_tiny_chamber
D:3:      layout_basic, chequers_big_river, uniq_grinder
D:4:      layout_basic, nicolae_dithmenos_the_darkroom, interstate_on_off
D:5:      layout_rooms, fiery_altar_vehumet, mainiacjoe_overflow_catwalk

Skill      XL: |  1  2  3  4  5  6 |
---------------+-------------------+-----
Axes           | 3 4 6 7 |  7.3
Fighting       | 4 5 |  5.6
Shields        | 4 |  4.0
Armour         | 4 5 |  5.1

Action                   |  1- 3 |  4- 6 |  7- 9 || total
-------------------------+-------+-------+-------++-------
Melee: War axe           |   106 |   168 |    26 ||   300
  Use: Scroll            |     3 |     3 |     2 ||     8
       Potion            |       |     1 |     1 ||     2
Armor: Scale mail        |    47 |    61 |    10 ||   118
       Skin              |       |     6 |       ||     6
Dodge: Dodged            |    51 |    73 |     7 ||   131
Block: Buckler           |    22 |    36 |     3 ||    61

Table legend: (Time is in decaauts)
 A = Elapsed time spent in this place.
 B = Non-inter-level travel time spent in this place.
 C = Inter-level travel time spent in this place.
 D = Time resting spent in this place.
 E = Time spent auto-exploring this place.
 F = Levels seen in this place.
 G = Mean time per level.
                   A        B        C        D        E       F      G
               +--------+--------+--------+--------+--------+-----+--------+
         Total |   5484 |   5351 |    133 |   1076 |   3461 |   5 | 1096.8 |
       Dungeon |   5484 |   5351 |    133 |   1076 |   3461 |   5 | 1096.8 |
               +--------+--------+--------+--------+--------+-----+--------+

Top non-repeatable levels by time:
     D:2: 1859 daAuts
     D:1: 1708 daAuts
     D:3: 1072 daAuts
     D:4: 806 daAuts
     D:5: 37 daAuts
